 Dungeon Crawl Stone Soup version 0.29.1-1-gd02db6906a (webtiles) character file.

Game seed: 9207484614362259146

378 H0rd4k the Insei (level 6, -1/39 HPs)
             Began as an Octopode Transmuter on Oct 18, 2022.
             Slain by a gnoll
             ... wielding a +0 flail
              (8 damage)
             ... on level 5 of the Dungeon.
             The game lasted 00:03:27 (4734 turns).

H0rd4k the Insei (Octopode Transmuter)              Turns: 4734, Time: 00:03:28

Health: -1/39      AC:  1    Str:  7 (9)  XL:     6   Next: 74%
Magic:  9/9        EV: 13    Int: 16 (18) God:
Gold:   194        SH:  0    Dex: 11 (12) Spells: 8/9 levels left

rFire   . . .      SeeInvis .   l - +6 hammer of the Supporting Gods {spect, Will++}
rCold   . . .      Faith    .   (no shield)
rNeg    . . .      Spirit   .   (helmet restricted)
rPois   .          Reflect  .   (no amulet)
rElec   .          Harm     .   (no ring)
rCorr   .          Rampage  .   (no ring)
Will    ++...                   (no ring)
Stlth   ++........              (no ring)
HPRegen 0.13/turn               (no ring)
MPRegen 0.11/turn               (no ring)
                                (no ring)
                                (no ring)

@: no status effects
A: almost no armour, amphibious, 8 rings, camouflage 1, gelatinous body 1,
(nimble swimmer 1), tentacles
a: no special abilities


You were on level 5 of the Dungeon.
You visited 2 branches of the dungeon, and saw 6 of its levels.

You collected 194 gold pieces.

Inventory:

Hand Weapons
 d - a +0 dagger of protection
 l - the +6 hammer of the Supporting Gods (weapon) {spect, Will++}
   (You found it on level 3 of the Dungeon)

   When its wielder attacks, the weapon's spirit leaps out and strikes again.
   The spirit shares a part of any damage it takes with its wielder.
   Will:      It greatly increases your willpower.
Magical Staves
 m - a staff of air
Jewellery
 g - a ring of resist corrosion
Wands
 o - a wand of mindburst (4)
Scrolls
 e - a scroll of teleportation {unknown}
 f - a scroll of blinking {unknown}
 i - 4 scrolls of identify {unknown}
 k - a scroll of enchant weapon {unknown}
Potions
 a - 2 potions of lignification
 b - 2 potions of degeneration
 c - a potion of resistance
 h - 4 potions of flight
 j - a potion of curing {unknown}
 n - 2 potions of might {unknown}


   Skills:
 + Level 1.7 Fighting
 + Level 1.7 Maces & Flails
 + Level 3.2 Dodging
 + Level 5.9 Unarmed Combat
 + Level 2.3 Spellcasting
 + Level 2.4 Transmutations


You had 8 spell levels left.
You knew the following spells:

 Your Spells              Type           Power      Damage    Failure   Level
a - Beastly Appendage     Tmut           18%        N/A       8%          1

Your spell library contained the following spells:

 Spells                   Type           Power      Damage    Failure   Level
 Wereblood                Tmut           9%         N/A       12%         2
 Spider Form              Tmut/Pois      5%         N/A       36%         3
 Portal Projectile        Hex/Tloc       2%         N/A       52%         3
 Tukima's Dance           Hex            1%         N/A       52%         3
 Ice Form                 Ice/Tmut       5%         N/A       77%         4
 Blade Hands              Tmut           4%         N/A       91%         5


Dungeon Overview and Level Annotations

Branches:
Dungeon (5/15)             Temple (1/1) D:5

Altars:
Dithmenos
Elyvilon
Hepliaklqana
Kikubaaqudgha
Nemelex Xobeh
Qazlal
Ru
Sif Muna
Trog
Uskayaw
Vehumet
Wu Jian
Yredelemnul
The Shining One


Innate Abilities, Weirdness & Mutations

You cannot wear most types of armour.
You are amphibious.
You can wear up to eight rings at the same time.
Your skin changes colour to match your surroundings (Stealth+).
Your rubbery body absorbs attacks. (AC +1, EV +1)
((You are camouflaged when in or above water. (Stealth+)))
You have tentacles for arms and can constrict up to eight enemies at once.


Message History

There are monsters nearby!
You barely miss the hound. You grab the hound.
You squeeze the hound, but do no damage.
You constrict the hound. The hound misses you. The hound bites you.
You barely miss the hound. You squeeze the hound.
The hound is moderately wounded.
You constrict the hound. The hound barely misses you. The hound bites you.
You hit the hound but do no damage.
The hound is heavily wounded.
You constrict the hound, but do no damage.
The hound closely misses you. The hound misses you.
You sock the hound!
You kill the hound!
You closely miss the gnoll. You grab the gnoll. You squeeze the gnoll.
The gnoll is lightly wounded.
You constrict the gnoll, but do no damage.
The gnoll closely misses you. The gnoll hits you with a +0 flail!
You sock the gnoll! You tentacle-slap the gnoll. You squeeze the gnoll.
The gnoll is almost dead.
You constrict the gnoll.
You kill the gnoll!
The gnoll misses you.
Things that are here:
a +0 flail; a gnoll corpse You hit the gnoll.
You grab the gnoll.
The gnoll is heavily wounded.
You constrict the gnoll, but do no damage.
The gnoll hits you with a +0 whip. The gnoll hits you with a +0 flail!
* * * LOW HITPOINT WARNING * * *
You release your grip on the gnoll.
You sock the gnoll!
You kill the gnoll!
You hit the gnoll. You grab the gnoll. You squeeze the gnoll.
The gnoll is heavily wounded.
You constrict the gnoll, but do no damage.
The gnoll completely misses you. The gnoll closely misses you.
You hit the gnoll.
The gnoll is severely wounded.
You constrict the gnoll. The gnoll hits you with a +0 flail!
You die...

#.....# #......
#.....### #......$##
## #.8.8.8..# ..
#.⌠.⌠.⌠..####.###.#
#.................#
#####.>.###.#########
.........g@..#
.......####..#
######. #..# #. #..#
#.# #..# ##.####..#
#........# #..####.##
..# #.#


You could see a gnoll.

Vanquished Creatures
  An ogre (D:4)
  A bullfrog (D:4)
  A hound (D:5)
  Crazy Yiuf (D:3)
  4 gnolls
  3 adders
  2 worms
  3 dart slugs
  An orc (D:3)
  6 endoplasms
  3 giant cockroaches
  13 goblins
  9 hobgoblins
  9 jackals
  8 kobolds
  8 ball pythons
  5 bats
  5 frilled lizards
  6 rats
89 creatures vanquished.

Notes
Turn   | Place    | Note
-------+----------+-------------------------------------------
     0 | D:1      | H0rd4k the Octopode Transmuter began the quest for the Orb.
     0 | D:1      | Reached XP level 1. HP: 13/13 MP: 3/3
   224 | D:1      | Reached XP level 2. HP: 12/18 MP: 5/5
   756 | D:1      | Reached XP level 3. HP: 23/23 MP: 6/6
   788 | D:2      | Reached skill level 4 in Unarmed Combat
  1469 | D:1      | Found a faded altar of an unknown god.
  1661 | D:2      | Reached XP level 4. HP: 23/28 MP: 7/7
  2415 | D:3      | Found a sacrificial altar of Ru.
  2635 | D:3      | Reached XP level 5. HP: 23/33 MP: 8/8
  2939 | D:3      | Found an ornate altar of the Wu Jian Council.
  2940 | D:3      | Found a glowing golden altar of the Shining One.
  3113 | D:3      | Identified the +6 hammer of the Supporting Gods {spect,
                  | Will++}
  3119 | D:3      | Found a runed translucent door.
  3120 | D:3      | Noticed Crazy Yiuf
  3126 | D:3      | Killed Crazy Yiuf
  3127 | D:3      | Reached skill level 5 in Unarmed Combat
  3732 | D:4      | Noticed an ogre
  3740 | D:4      | Killed an ogre
  3741 | D:4      | Reached skill level 1 in Maces & Flails
  3741 | D:4      | Reached XP level 6. HP: 16/38 MP: 9/9
  4500 | D:5      | Entered Level 5 of the Dungeon
  4516 | D:5      | Found a staircase to the Ecumenical Temple.
  4534 | Temple   | Entered the Ecumenical Temple
  4734 | D:5      | Slain by a gnoll

Illustrated notes

Levels and vault maps discovered:
D:1:      dpeg_arrival_rooms_with_view, layout_basic,
          ebering_ecumenical_altar_webs
D:2:      layout_rooms, minmay_crystal_water
D:3:      layout_basic, nicolae_ru_awakened_eye, nicolae_overflow_two_pavilions,
          uniq_crazy_yiuf_cottage
D:4:      layout_basic, hex_intersection
D:5:      layout_loops_ring, led_xom_imps, minmay_temple_entry_drinking_statues,
          serial_shops, shop, uniq_grinder, uniq_pikel
Temple:   bh_familiar_temple

Skill      XL: |  1  2  3  4  5 |
---------------+----------------+-----
Unarmed Combat | 4 5 |  5.9
Maces & Flails | 1 |  1.7
Dodging        | 3 |  3.2
Fighting       | |  1.7
Spellcasting   | |  2.3
Transmutations | |  2.4

Action                   |  1- 3 |  4- 6 || total
-------------------------+-------+-------++-------
Melee: Unarmed           |    72 |    82 ||   154
       Constrict         |    24 |    25 ||    49
       Tentacles         |    17 |    19 ||    36
       Punch             |     2 |     2 ||     4
       Kick              |     5 |       ||     5
       Mace              |       |    36 ||    36
 Cast: Beastly Appendage |     2 |       ||     2
  Use: Potion            |       |     3 ||     3
 Stab: Sleeping          |     1 |     8 ||     9
Armor: Skin              |     3 |     8 ||    11
Dodge: Dodged            |    42 |    59 ||   101
